 Dungeon Crawl Stone Soup version 0.29.0-4-gdea44cf6ec (webtiles) character file.

Game seed: 7454052140711525952

142 oldmanjim the Trooper (level 5, -12/46 HPs)
             Began as a Palentonga Summoner on Aug 27, 2022.
             Mangled by an ogre
             ... wielding a +0 giant spiked club
              (19 damage)
             ... on level 4 of the Dungeon.
             The game lasted 00:22:30 (4269 turns).

oldmanjim the Trooper (Palentonga Summoner)         Turns: 4269, Time: 00:22:31

Health: -12/46     AC:  5    Str: 16    XL:     5   Next: 3%
Magic:  6/8        EV:  9    Int: 15    God:
Gold:   249        SH:  0    Dex: 10    Spells: 5/8 levels left

rFire   . . .      SeeInvis +   a - +0 short sword (speed)
rCold   . . .      Faith    .   (no shield)
rNeg    + . .      Spirit   .   m - +0 robe
rPois   .          Reflect  .   d - +0 helmet
rElec   .          Harm     .   w - scarf {repulsion}
rCorr   .          Rampage  .   (no gloves)
Will    .....                   (no barding)
Stlth   +.........              (no amulet)
HPRegen 0.15/turn               A - ring of positive energy
MPRegen 0.11/turn               (no ring)

@: repel missiles
A: large, rugged brown scales 3, see invisible, deformed body, roll 1, armoured
tail
a: Rolling Charge


You were on level 4 of the Dungeon.
You visited 1 branch of the dungeon, and saw 4 of its levels.

You collected 249 gold pieces.

Inventory:

Hand Weapons
 a - a +0 short sword of speed (weapon)
 b - a +0 sling
 C - a +0 short sword
Missiles
 h - 4 javelins
 i - 8 poisoned darts (quivered)
 o - 26 stones
 z - 5 boomerangs
Armour
 d - a +0 helmet (worn)
 e - a +0 chain mail
 m - a +0 robe (worn)
 w - a scarf of repulsion (worn)
Jewellery
 A - a ring of positive energy (left hand)
Wands
 y - a wand of quicksilver (6)
Scrolls
 c - a scroll of amnesia {unknown}
 g - a scroll of identify {unknown}
 k - 2 scrolls of fear {unknown}
 l - a scroll of blinking {unknown}
 q - 2 scrolls of teleportation {unknown}
 r - 2 scrolls of magic mapping {unknown}
 v - a scroll of enchant armour {unknown}
 E - a scroll of summoning {unknown}
Potions
 f - 2 potions of invisibility {unknown}
 j - 2 potions of resistance {unknown}
 n - 2 potions of magic
 p - a potion of ambrosia {unknown}
 s - 2 potions of mutation {unknown}
 t - 4 potions of curing {unknown}
 u - 2 potions of lignification {unknown}
 x - a potion of heal wounds {unknown}
 B - a potion of haste {unknown}
 D - a potion of attraction {unknown}


   Skills:
 + Level 4.7 Fighting
 - Level 1.5 Dodging
 - Level 1.2 Stealth
 - Level 2.0 Spellcasting
 - Level 3.2 Summonings


You had 5 spell levels left.
You knew the following spells:

 Your Spells              Type           Power      Damage    Failure   Level
a - Summon Small Mammal   Summ           44%        N/A       6%          1
b - Call Imp              Summ           11%        N/A       9%          2

Your spell library contained the following spells:

 Spells                   Type           Power      Damage    Failure   Level
 Call Canine Familiar     Summ           11%        N/A       17%         3
 Magic Dart               Conj           4%         1d3       22%         1
 Summon Guardian Golem    Hex/Summ       6%         N/A       34%         3
 Mephitic Cloud           Conj/Pois/Air  1%         N/A       54%         3
 Summon Lightning Spire   Summ/Air       6%         N/A       75%         4


Dungeon Overview and Level Annotations

Branches:
Dungeon (4/15)
 Temple: D:4-7

Altars:


Innate Abilities, Weirdness & Mutations

You are completely covered in rugged brown scales. (AC +3, +7% HP)
You have supernaturally acute eyesight. (SInv)
Armour fits poorly on your strangely shaped body.
You can roll at nearby foes to attack.
You have a long armoured tail.


Message History

You miscast Call Imp.
You are very lightly contaminated with residual magic.
Nothing appears to happen.
There is a stone staircase leading up here.
You climb upwards.
There is a stone staircase leading down here.
You start resting.
Your magical contamination has completely faded away.
You start resting.
Magic restored.
You start resting.
HP restored.
You climb downwards.
The ogre closely misses you.
There is a stone staircase leading up here.
Casting: Call Imp (safe; 9% risk of failure)
Confirm with . or Enter, or press ? or * to list all spells.
A shadowy apparition takes form in the air.
The ogre hits you with a +0 giant spiked club!
The ogre barely misses you.
Casting: Call Imp (safe; 9% risk of failure)
Confirm with . or Enter, or press ? or * to list all spells.
Your shadow imp hits the ogre.
The ogre hits you with a +0 giant spiked club!
Your shadow imp hits the ogre.
Your rat closely misses the ogre.
You swap places.
The ogre hits you with a +0 giant spiked club!
* * * LOW HITPOINT WARNING * * *
Your rat bites the ogre.
Your shadow imp hits the ogre.
Your shadow imp barely misses the ogre.
Your rat bites the ogre.
Throw: 9 darts (poison)
Press: ? - help, Q - select action, (/) - cycle Shift-Dir - straight line, f - ogre
Aim: an ogre, wielding a +0 giant spiked club (severely wounded, ally target, 73% to hit)
You throw a poisoned dart. The poisoned dart hits the ogre.
The ogre is poisoned.
The ogre is severely wounded.
Your shadow imp hits the ogre.
Your rat bites the ogre.
The ogre attacks as you move away!
The ogre hits you with a +0 giant spiked club!!
You die...

$........#
.......#
#.....#
+.....#
#.....#
#.....#
#.....#
#.....#
#.@...#
#.O...#
#5r...#
#.....#####
#.<(.......
#..........
+..........
#..........
#..........


You could see an ogre (poisoned, ally target), a friendly shadow imp (summoned)
and a friendly rat (summoned).

Vanquished Creatures
  A scorpion (D:4)
  A dart slug (D:3)
  2 orcs
  A bat (D:2)
  5 endoplasms
  A giant cockroach (D:1)
  2 goblins
  2 hobgoblins
  4 ball pythons
  4 frilled lizards
  5 kobolds
  5 rats
33 creatures vanquished.

Vanquished Creatures (collateral kills)
  An adder (D:3)
  A worm (D:3)
  2 dart slugs
  2 ball pythons
  4 bats
  An endoplasm (D:1)
  A giant cockroach (D:3)
  2 goblins (D:1)
  2 hobgoblins
  3 jackals (D:3)
  2 kobolds
  2 frilled lizards (D:1)
  2 rats (D:1)
25 creatures vanquished.

Grand Total: 58 creatures vanquished

Notes
Turn   | Place    | Note
-------+----------+-------------------------------------------
     0 | D:1      | oldmanjim the Palentonga Summoner began the quest for the
                  | Orb.
     0 | D:1      | Reached XP level 1. HP: 13/13 MP: 3/3
   262 | D:1      | Reached skill level 1 in Fighting
   717 | D:1      | Reached XP level 2. HP: 21/23 MP: 1/5
   844 | D:1      | Learned a level 2 spell: Call Imp
   872 | D:1      | Reached skill level 2 in Fighting
   943 | D:1      | Found a faded altar of an unknown god.
  1819 | D:2      | Reached XP level 3. HP: 29/29 MP: 6/6
  2293 | D:2      | Reached skill level 3 in Fighting
  3099 | D:3      | Reached XP level 4. HP: 27/39 MP: 3/7
  3936 | D:4      | Noticed an orc warrior
  4077 | D:4      | Noticed a scorpion
  4085 | D:4      | Killed a scorpion
  4086 | D:4      | Reached skill level 4 in Fighting
  4086 | D:4      | Reached XP level 5. HP: 46/46 MP: 4/8
  4128 | D:4      | Noticed an ogre
  4269 | D:4      | Mangled by an ogre

Illustrated notes

Levels and vault maps discovered:
D:1:      lightli_molten_gateway, layout_basic,
          dreamdust_ecumenical_altar_angels_and_demons
D:2:      layout_loops_ring
D:3:      layout_basic, corexii_corridor_pit, minmay_pentomino_pile
D:4:      layout_gridville

Skill      XL: |  1  2  3  4 |
---------------+-------------+-----
Fighting       | 1 2 3 4 |  4.7
Dodging        | |  1.5
Stealth        | |  1.2
Spellcasting   | |  2.0
Summonings     | |  3.2

Action                   |  1- 3 |  4- 6 || total
-------------------------+-------+-------++-------
Melee: Unarmed           |    56 |       ||    56
       Tailslap          |     8 |     2 ||    10
       Short sword       |    50 |     8 ||    58
 Fire: Sling             |    27 |    16 ||    43
Throw: Javelin           |     4 |       ||     4
       Dart              |       |     7 ||     7
 Cast: Summon Small Mamm |    20 |     2 ||    22
       Call Imp          |    14 |     7 ||    21
 Abil: Rolling Charge    |     2 |       ||     2
 Stab: Distracted        |     1 |       ||     1
Armor: Robe              |    84 |     2 ||    86
Dodge: Dodged            |    65 |    10 ||    75
